 Dungeon Crawl Stone Soup version 0.19.4 (webtiles) character file.

195 Jynx the Firebug (level 5, -1/28 HPs)
             Began as a Deep Elf Fire Elementalist on Jan 31, 2017.
             Slain by Duvessa
             ... wielding a +0 short sword
              (8 damage)
             ... on level 3 of the Dungeon.
             The game lasted 00:05:44 (3373 turns).

Jynx the Firebug (Deep Elf Fire Elementalist)       Turns: 3373, Time: 00:05:45

Health: -1/28      AC:  4    Str:  5    XL:     5   Next: 45%
Magic:  0/13       EV: 13    Int: 20    God:
Gold:   181        SH:  0    Dex: 16    Spells: 3 memorised, 5 levels left

rFire  + . .     SeeInvis .     (no weapon)
rCold  x . .     Gourm    .     a - +1 robe
rNeg   . . .     Faith    .     (no shield)
rPois  .         Spirit   .     (no helmet)
rElec  .         Reflect  .     (no cloak)
rCorr  .         Harm     .     (no gloves)
MR     .....                    u - +0 pair of boots
Stlth  ++........               i - amulet of inaccuracy (curse)
                                (no ring)
                                f - ring of fire

@: about to teleport
A: no striking features
a: no special abilities


You were on level 3 of the Dungeon.
You were very hungry.

You visited 1 branch of the dungeon, and saw 4 of its levels.

You collected 181 gold pieces.

Inventory:

Armour
 a - a +1 robe (worn)
 u - a +0 pair of boots (worn)
Jewellery
 f - a ring of fire (left hand)
 i - a cursed amulet of inaccuracy (around neck)
 r - an uncursed amulet of rage {unknown}
Scrolls
 m - a scroll of amnesia
Potions
 e - a potion of resistance
 g - a potion of cure mutation
 l - a potion of might {unknown}
 n - 2 potions of degeneration {unknown}
 o - a potion of flight {unknown}
 q - a potion of lignification {unknown}
 s - a potion of curing {unknown}
 t - a potion of heal wounds {unknown}
Books
 b - a book of Flames

   Spells                             Type                      Level
   a - Flame Tongue                   Conjuration/Fire             1
   b - Throw Flame                    Conjuration/Fire             2
   c - Conjure Flame                  Conjuration/Fire             3
   d - Inner Flame                    Hexes/Fire                   3
   e - Sticky Flame                   Conjuration/Fire             4
   f - Fireball                       Conjuration/Fire             5
Comestibles
 c - 4 bread rations
 d - 4 meat rations
 h - 2 beef jerkies
 j - 2 slices of pizza
 k - a royal jelly


   Skills:
 - Level 2.4 Dodging
 - Level 2.4 Stealth
 + Level 4.6 Spellcasting
 + Level 2.7 Conjurations
 * Level 5.5 Fire Magic


You had 5 spell levels left.
You knew the following spells:

 Your Spells              Type           Power        Failure   Level  Hunger
a - Flame Tongue          Conj/Fire      ####.        2%          1    None
b - Conjure Flame         Conj/Fire      ####....     10%         3    ##.....
c - Sticky Flame          Conj/Fire      ####....     24%         4    ####...


Dungeon Overview and Level Annotations

Branches:
Dungeon (4/15)
 Temple: D:4-7

Altars:
Yredelemnul

Annotations:
D:3 Duvessa


Message History

Dowan burns!
You kill Dowan!
Duvessa screams, "No!
How DARE you!"
Duvessa goes berserk!
Duvessa completely misses you.
There is a stone staircase leading up here.
Duvessa hits you with a short sword. Duvessa hits you with a short sword!
* * * LOW HITPOINT WARNING * * *
You climb upwards.
There is a stone staircase leading down here.
As you read the scroll of teleportation, it crumbles to dust.
You feel strangely unstable. Duvessa hits you but does no damage.
Casting: Flame Tongue
Confirm with . or Enter, or press ? or * to list all spells.
Aiming: Flame Tongue
Press: ? - help, Shift-Dir - straight line, f - Duvessa
Aim: Duvessa, wielding a short sword, wearing a leather armour and carrying a wand of digging {zapped: 5} (heavily wounded, berserk, fast, unusually strong)
You feel a surge of power!
The flame tongue hits Duvessa.
Duvessa is severely wounded.
Duvessa hits you with a short sword!
You die...

####..##<#.#.....#
#..##.#.#..#..#
#..####.#..#..#########
#.......#.............#
#.#########...#######.#
#.............# #.#
####..........# #.#
#........e.# #.#
#)........@# #.#
#........### #.#
#........# #.#
########.# #.# #.# #.#
#.# #.# #.#########.#
#...........#
#############


You could see Duvessa (berserk).

Vanquished Creatures
  Dowan (D:4)
  4 adders (D:2)
  2 oozes
  3 dart slugs
  5 worms
  A leopard gecko (D:2)
  7 bats
  6 giant cockroaches
  6 goblins
  12 hobgoblins
  10 jackals
  8 kobolds
  A quokka (D:2)
  3 frilled lizards
  10 rats
79 creatures vanquished.

Notes
Turn   | Place    | Note
-------+----------+-------------------------------------------
     0 | D:1      | Jynx the Deep Elf Fire Elementalist began the quest for the Orb.
     0 | D:1      | Reached XP level 1. HP: 10/10 MP: 6/6
   225 | D:1      | Reached XP level 2. HP: 14/15 MP: 2/8
   517 | D:1      | Reached skill level 4 in Fire Magic
   597 | D:1      | Reached XP level 3. HP: 19/19 MP: 6/9
  1014 | D:2      | Learned a level 3 spell: Conjure Flame
  1332 | D:2      | Reached XP level 4. HP: 24/24 MP: 8/11
  2213 | D:2      | Reached skill level 5 in Fire Magic
  2780 | D:3      | Reached XP level 5. HP: 28/28 MP: 11/13
  2786 | D:3      | Learned a level 4 spell: Sticky Flame
  2971 | D:3      | Found a faded altar of an unknown god.
  2971 | D:3      | Found a faded altar of an unknown god.
  2976 | D:3      | Found a faded altar of an unknown god.
  2978 | D:3      | Found a basalt altar of Yredelemnul.
  2980 | D:3      | Found a faded altar of an unknown god.
  3216 | D:4      | Noticed Duvessa
  3217 | D:4      | Noticed Dowan
  3369 | D:4      | Killed Dowan
  3373 | D:3      | Slain by Duvessa

Skill      XL: |  1  2  3  4 |
---------------+-------------+-----
Conjurations   | 2 |  2.7
Fire Magic     | 4 5 |  5.5
Spellcasting   | 4 |  4.6
Dodging        | |  2.4
Stealth        | |  2.4

Action                   |  1- 3 |  4- 6 || total
-------------------------+-------+-------++-------
Melee: Unarmed           |     3 |       ||     3
 Cast: Flame Tongue      |    58 |    90 ||   148
       Conjure Flame     |       |     2 ||     2
       Sticky Flame      |       |     1 ||     1
  Use: Scroll            |     7 |     3 ||    10
  Eat: Chunk             |       |     6 ||     6
Armor: Robe              |     7 |     4 ||    11
Dodge: Dodged            |    12 |    14 ||    26
